 Dungeon Crawl Stone Soup version 0.19.0-11-g3fc08b3 (webtiles) character file.

14 MDvedh the Caller (level 2, 0/14 HPs)
             Began as a Vine Stalker Summoner on Nov 8, 2016.
             Slain by a jackal (1 damage)
             ... on level 1 of the Dungeon.
             The game lasted 00:01:16 (948 turns).

MDvedh the Caller (Vine Stalker Summoner)            Turns: 948, Time: 00:01:17

Health: 0/14       AC:  2    Str: 10    XL:     2   Next: 45%
Magic:  0/6        EV: 12    Int: 15    God:
Gold:   46         SH:  0    Dex: 14    Spells: 1 memorised, 4 levels left

rFire  . . .     SeeInvis .     e - +0 club
rCold  . . .     Gourm    .     a - +0 robe
rNeg   . . .     Faith    .     (no shield)
rPois  .         Spirit   +     (no helmet)
rElec  .         Reflect  .     (no cloak)
rCorr  .         Harm     .     (no gloves)
MR     .....                    (no boots)
Stlth  ++........               (no amulet)
                                (no ring)
                                (no ring)

@: no status effects
A: fangs 2, magic shield, antimagic bite, no device heal 3, rot immunity
a: no special abilities


You were on level 1 of the Dungeon.
You were not hungry.

You visited 1 branch of the dungeon, and saw 1 of its levels.

You collected 46 gold pieces.

Inventory:

Hand Weapons
 e - a +0 club (weapon)
Armour
 a - a +0 robe (worn)
Jewellery
 k - an uncursed ring of stealth {unknown}
Scrolls
 d - a scroll of immolation {unknown}
 h - a scroll of identify {unknown}
Potions
 f - a potion of magic {unknown}
 g - a potion of resistance {unknown}
 i - a potion of lignification {unknown}
 j - 2 potions of cure mutation {unknown}
Books
 b - a book of Callings

   Spells                             Type                      Level
   a - Summon Small Mammal            Summoning                    1
   b - Call Imp                       Summoning                    2
   c - Call Canine Familiar           Summoning                    3
   d - Summon Guardian Golem          Hexes/Summoning              3
   e - Summon Lightning Spire         Summoning/Air                4
   f - Summon Ice Beast               Ice/Summoning                4
Comestibles
 c - a bread ration


   Skills:
 + Level 1.2 Fighting
 + Level 0.1 Maces & Flails
 + Level 0.8 Armour
 - Level 1.5 Dodging
 - Level 2.4 Stealth
 - Level 2.1 Spellcasting
 - Level 4.0 Summonings


You had 4 spell levels left.
You knew the following spells:

 Your Spells              Type           Power        Failure   Level  Hunger
a - Summon Small Mammal   Summ           ##..         4%          1    #......


Dungeon Overview and Level Annotations

Branches:
Dungeon (1/15)

Altars:


Innate Abilities, Weirdness & Mutations

You have extremely sharp teeth.
When hurt, damage is shared between your health and your magic reserves.
Your bite disrupts and absorbs the magic of your enemies.
Potions and wands cannot restore your health.
You are immune to rotting.


Message History

Unknown command.
Your bat completely misses the jackal.
The jackal bites you but does no damage.
Your bat misses the jackal.
Your bat hits the jackal but does no damage.
The jackal bites your bat.
You closely miss the jackal.
The jackal is heavily wounded.
Your bat hits the jackal but does no damage.
Your bat hits the jackal.
Your bat hits the jackal but does no damage.
The jackal misses your bat. The jackal barely misses you.
Unknown command.
Your bat hits the jackal but does no damage.
The jackal barely misses your bat.
Casting: Summon Small Mammal
Confirm with . or Enter, or press ? or * to list all spells.
Your bat hits the jackal. The jackal barely misses your bat.
The jackal bites you.
You die...

#.# #.# #.# ##'## #.#
##...## #.# ##.....##
##.## ##....b..##
#####...####....Kh...#
......)....'...r.....+
#####...####..(.h)...#
##.## ##...@...## #.#
##.....## #.# ##...##
#.# ##'## #.# #.# #.#
#.# #.# ##.##
#.########...######
#.#...............#


You could see 2 jackals, a kobold, a friendly bat and a friendly rat.

Vanquished Creatures
  A dart slug (D:1)
  A giant cockroach (D:1)
  2 goblins (D:1)
  2 hobgoblins (D:1)
  A bat (D:1)
  A frilled lizard (D:1)
  2 kobolds (D:1)
  A rat (D:1)
11 creatures vanquished.

Vanquished Creatures (collateral kills)
  A frilled lizard (D:1)
1 creature vanquished.

Grand Total: 12 creatures vanquished

Notes
Turn   | Place    | Note
-------+----------+-------------------------------------------
     0 | D:1      | MDvedh the Vine Stalker Summoner began the quest for the Orb.
     0 | D:1      | Reached XP level 1. HP: 9/9 MP: 4/4
   385 | D:1      | Reached skill level 1 in Fighting
   385 | D:1      | Reached XP level 2. HP: 11/14 MP: 3/6
   948 | D:1      | Slain by a jackal

Skill      XL: |  1 |
---------------+----+-----
Fighting       | 1 |  1.2
Maces & Flails | |  0.1
Armour         | |  0.8
Dodging        | |  1.5
Stealth        | |  2.4
Spellcasting   | |  2.1
Summonings     | |  4.0

Action                   || total
-------------------------++-------
Melee: Unarmed           ||    18
       Club              ||    48
       Bite              ||    13
 Cast: Summon Small Mamm ||     4
 Stab: Sleeping          ||     1
Armor: Robe              ||    19
Dodge: Dodged            ||    51
